Get step-by-step instructions on how to execute this build order below. Start the game timer, and the build order will tick by so you can play in parallel with StarCraft on a second screen or mobile device.

Game Time

  0:00

Last Step

  N/A

Next Step

Upcoming Step



Don't want to look back and forth between 2 screens? Try out our Overwolf App, the Spawning Tool Build Advisor to get an in-game overlay with this build!

Complete Build Order

  12  0:00  SCV  
  13  0:12  SCV  
  14  0:18  Supply Depot  
  14  0:24  SCV  
  15  0:39  SCV  
  15  0:42  Barracks  
  16  0:44  Refinery  
  16  0:51  SCV  
  17  1:03  SCV  
  18  1:15  SCV  
  19  1:28  Marine  
  19  1:29  Orbital Command  
  20  1:46  Supply Depot, Marine  
  21  1:54  SCV  
  22  2:05  Command Center  
  22  2:07  SCV  
  23  2:09  Marine  
  24  2:18  Factory  
  25  2:22  SCV  
  25  2:28  Barracks Reactor  
  25  2:35  SCV  
  26  2:40  Barracks  
  26  2:47  SCV  
  27  2:57  Refinery  
  27  2:59  SCV  
  27  3:04  Factory Tech Lab  
  27  3:05  Marine x2  
  30  3:11  SCV  
  31  3:23  SCV  
  31  3:24  Orbital Command  
  31  3:25  Marine x2  
  34  3:35  SCV  
  34  3:36  Stimpack, Marine  
  34  3:37  Starport  
  34  3:41  Factory Reactor  
  36  3:43  Marine x2  
  36  3:47  SCV  
  39  3:50  SCV  
  39  3:52  Supply Depot  
  39  3:54  Marine  
  41  3:59  SCV  
  41  4:01  Marine x2  
  41  4:02  SCV  
  44  4:07  Supply Depot  
  44  4:11  SCV  
  44  4:12  Marine  
  46  4:20  Refinery  
  46  4:21  Marine x2  
  46  4:23  SCV  
  50  4:24  Factory Tech Lab, Medivac x2  
  50  4:27  SCV  
  50  4:29  Marine  
  55  4:33  Supply Depot  
  55  4:36  SCV  
  55  4:38  Engineering Bay  
  56  4:41  Marine  
  56  4:42  SCV  
  56  4:44  Marine  
  59  4:48  SCV  
  60  4:54  SCV  
  60  4:55  Siege Tank  
  60  4:57  Supply Depot  
  60  4:59  Marine  
  65  5:00  SCV  
  65  5:01  Marine  
  65  5:05  Terran Infantry Weapons Level 1  
  65  5:06  SCV  
  67  5:07  Marine  
  67  5:12  Supply Depot  
  68  5:16  SCV  
  68  5:17  Marine  
  68  5:19  Marine  
  71  5:21  Supply Depot  
  71  5:24  Marine  
  71  5:28  Siege Tank  
  75  5:34  Marine  
  76  5:36  SCV  
  76  5:37  Marine  
  76  5:42  Marine, SCV  
  78  5:48  SCV  
  77  5:52  Marine  
  77  5:53  Combat Shield  
  77  5:54  Marine  
  77  5:55  Medivac x2  
  77  5:56  Supply Depot  
  83  6:00  SCV, Marine  
  83  6:04  SCV  
  86  6:09  Refinery  
  86  6:16  Siege Tank, SCV, Marine x2  
  86  6:18  Marine  
  90  6:34  Marine x2, SCV  
  90  6:35  Command Center  
  90  6:36  Marine  
  94  6:40  Supply Depot  
  94  6:42  SCV  
  94  6:46  SCV  
  95  6:52  Marine x2  
  95  6:54  SCV, Marine  
  100  6:57  Supply Depot  
  100  6:58  SCV